 Dungeon Crawl Stone Soup version 0.29.0-5-ge4962eb29e (webtiles) character file.

Game seed: 95005816388863918

4338 RascalDebosk the Cleaver (level 10, -5/86 HPs)
             Began as a Hill Orc Fighter on Aug 28, 2022.
             Was a Believer of Beogh.
             Slain by a two-headed ogre
             ... wielding a +0 giant spiked club
             ... summoned by an orange crystal statue
              (10 damage)
             ... on level 8 of the Dungeon.
             The game lasted 01:17:26 (7683 turns).

RascalDebosk the Cleaver (Hill Orc Fighter)         Turns: 7683, Time: 01:17:27

Health: -5/86      AC: 16    Str: 24    XL:     10   Next: 33%
Magic:  15/15      EV:  5    Int:  8    God:    Beogh [**....]
Gold:   254        SH: 11    Dex: 10    Spells: 9/9 levels left

rFire   . . .      SeeInvis .   a - +1 war axe (flame)
rCold   . . .      Faith    .   v - +2 kite shield
rNeg    + . .      Spirit   .   G - +0 plate armour
rPois   .          Reflect  .   (no helmet)
rElec   .          Harm     .   b - scarf {repulsion}
rCorr   .          Rampage  .   d - +2 pair of gloves
Will    .....                   (no boots)
Stlth   ..........              q - amulet of regeneration
HPRegen 1.04/turn               x - ring of flight
MPRegen 0.14/turn               n - ring of positive energy

@: flying, repel missiles
A: no striking features
a: Renounce Religion, Smiting


You were on level 8 of the Dungeon.
You worshipped Beogh.
Beogh was pleased with you.
You visited 2 branches of the dungeon, and saw 9 of its levels.
You also visited: Sewer and Ossuary.

You collected 566 gold pieces.
You spent 312 gold pieces at shops.

Inventory:

Hand Weapons
 a - a +1 war axe of flaming (weapon)
 y - the +2 short sword of Stickiness {flame, rC+ Int+5}
   (You found it on level 6 of the Dungeon)

   It burns those it strikes, dealing additional fire damage.
   Int:       It affects your intelligence (+5).
   rC:        It protects you from cold.
Missiles
 i - 3 javelins
 s - 36 poisoned darts (quivered)
 I - 18 boomerangs
Armour
 b - a scarf of repulsion (worn)
 d - a +2 pair of gloves (worn)
 k - +0 steam dragon scales
 v - a +2 kite shield (worn)
 D - +0 acid dragon scales
 G - a +0 plate armour (worn)
Magical Staves
 c - a staff of poison
Jewellery
 n - a ring of positive energy (right hand)
 q - an amulet of regeneration (around neck)
 u - a +6 ring of intelligence
 x - a ring of flight (left hand)
Wands
 f - a wand of mindburst (23)
 m - a wand of digging (2)
 A - a wand of acid (7)
Scrolls
 e - 8 scrolls of teleportation
 r - a scroll of amnesia
 F - 2 scrolls of blinking
 H - a scroll of fog
Potions
 g - a potion of magic
 h - 2 potions of berserk rage
 l - 2 potions of attraction
 o - 5 potions of mutation
 p - a potion of might
 t - a potion of lignification
 w - a potion of resistance
 z - 7 potions of heal wounds
 B - 3 potions of curing
 C - 9 potions of flight


   Skills:
 - Level 7.5 Fighting
 + Level 11.0 Axes
 - Level 4.8 Throwing
 - Level 6.8 Armour
 - Level 6.8 Shields
 - Level 7.1 Invocations


You had 9 spell levels left.
You didn't know any spells.
Your spell library contained the following spells:

 Spells                   Type           Power      Damage    Failure   Level
 Ensorcelled Hibernation  Hex/Ice        0%         N/A       100%        2
 Passwall                 Tmut/Erth      0%         N/A       100%        2
 Spider Form              Tmut/Pois      0%         N/A       100%        3
 Summon Guardian Golem    Hex/Summ       0%         N/A       100%        3
 Swiftness                Air            0%         N/A       100%        3
 Anguish                  Hex/Necr       0%         N/A       100%        4
 Orb of Destruction       Conj           0%         9d5       100%        7
 Spellforged Servitor     Conj/Summ      0%         N/A       100%        7


Dungeon Overview and Level Annotations

Branches:
Dungeon (8/15)             Temple (1/1) D:6            Lair (0/5) D:8
  Sewer (visited)         Ossuary (visited)

Altars:
Ashenzari
Cheibriados
Dithmenos
Elyvilon
Fedhas
Gozag
Kikubaaqudgha
Makhleb
Nemelex Xobeh
Okawaru
Qazlal
Ru
Sif Muna
Trog
Uskayaw
Vehumet
Wu Jian
Xom
Yredelemnul
Zin
The Shining One

Shops:
D:7 !

Annotations:
D:8 exclusion: orange crystal statue


Message History

Really fly into a travel-excluded area? [Y]es or [N]o only, please.
Really fly into a travel-excluded area?
The orange crystal statue glitters.
Unknown command.
Really fly into a travel-excluded area?
Throw: 38 darts (poison)
Press: ? - help, Q - select action, (/) - cycle Shift-Dir - straight line, f - two-headed ogre
Aim: a two-headed ogre, wielding two +0 giant spiked clubs (summoned, 76% to hit)
You throw a poisoned dart.
The poisoned dart barely misses the two-headed ogre.
Throw: 37 darts (poison)
Press: ? - help, Q - select action, (/) - cycle Shift-Dir - straight line, f/p - two-headed ogre
Aim: a two-headed ogre, wielding two +0 giant spiked clubs (summoned, 76% to hit)
You throw a poisoned dart.
The poisoned dart hits the two-headed ogre.
You block the two-headed ogre's attack.
The two-headed ogre hits you with a +0 giant spiked club.
You slash the two-headed ogre! You burn the two-headed ogre.
The two-headed ogre is moderately wounded.
You block the two-headed ogre's attack.
The two-headed ogre hits you with a +0 giant spiked club.
You hit the two-headed ogre. You burn the two-headed ogre.
The two-headed ogre is moderately wounded.
The two-headed ogre hits you with a +0 giant spiked club!! x2
You hit the two-headed ogre. You burn the two-headed ogre.
The two-headed ogre is heavily wounded.
You barely miss the two-headed ogre.
The two-headed ogre is heavily wounded.
The two-headed ogre barely misses you. x2
You hit the two-headed ogre. You burn the two-headed ogre.
The two-headed ogre is heavily wounded.
The two-headed ogre hits you with a +0 giant spiked club!!
* * * LOW HITPOINT WARNING * * *
The two-headed ogre hits you with a +0 giant spiked club!
* * * LOW HITPOINT WARNING * * *
You slash the two-headed ogre! You burn the two-headed ogre.
The two-headed ogre is severely wounded.
The two-headed ogre hits you with a +0 giant spiked club!
You die...

...........#.....##......^.......
.........(...O....##....##..##...
...........#.#.....##..#######...
#..........####..8.,#..## #...
##...........#**,,.*#...# ##..
.............####,**#...# ##.
..##.###....(#..#####..## ##
#.....##..#..#...#....##
...#..##.......O@..#..#
...#......#..#<...#####
......##..######.## ..........###
### .....##.....## .#...###.....#
###.####...### ### #....# ##..##


You could see a two-headed ogre (summoned).

Vanquished Creatures
  Pikel (D:5)
  An ice statue (D:8)
  A troll (D:8)
  Grinder (D:5)
  A steam dragon (D:6)
  An acid dragon (D:8)
  3 black bears
  2 orc warriors
  An ogre (D:5)
  A wolf (D:8)
  A centaur (D:5)
  A phantom (D:5)
  3 lemures (D:5)
  4 kobold brigands
  A gnoll sergeant (D:5)
  A bullfrog (D:8)
  5 scorpions
  7 water moccasin zombies (Ossuary)
  The ghost of gelatine the Vexing, a weakling DsAM (D:3)
  An electric eel (D:8)
  10 hounds
  2 jellies
  A gnoll bouda (D:7)
  An iron imp (D:6)
  2 orc priests (D:7)
  2 iguanas
  2 orc wizards
  2 mummies (Ossuary)
  9 gnolls
  15 adders
  4 river rats
  5 adder zombies (Ossuary)
  4 worms
  4 dart slugs
  17 orcs
  11 endoplasms
  9 giant cockroaches
  3 gnoll zombies (Ossuary)
  10 goblins
  13 hobgoblins
  3 jackals (Sewer)
  7 quokkas
  18 ball pythons
  8 bats (Sewer)
  7 frilled lizards
  A hobgoblin zombie (Ossuary)
  29 kobolds
  3 kobold zombies (Ossuary)
  4 orc zombies (Ossuary)
  9 rats
253 creatures vanquished.

Vanquished Creatures (others)
  24 plants (D:4)
24 creatures vanquished.

Grand Total: 277 creatures vanquished

Notes
Turn   | Place    | Note
-------+----------+-------------------------------------------
     0 | D:1      | RascalDebosk the Hill Orc Fighter began the quest for the
                  | Orb.
     0 | D:1      | Reached XP level 1. HP: 19/19 MP: 1/1
   162 | D:1      | Reached XP level 2. HP: 27/27 MP: 2/2
   421 | D:1      | Reached skill level 1 in Invocations
   528 | D:1      | Reached skill level 3 in Axes
   596 | D:1      | Reached XP level 3. HP: 21/33 MP: 3/3
  1292 | D:2      | Reached skill level 1 in Throwing
  1569 | D:2      | Reached XP level 4. HP: 39/40 MP: 5/5
  2184 | D:3      | Noticed a shining eye
  2187 | D:3      | Found a faded altar of an unknown god.
  2194 | D:3      | Noticed a great orb of eyes
  2207 | D:3      | Reached XP level 5. HP: 47/47 MP: 6/6
  2397 | D:3      | Noticed a great orb of eyes
  2408 | D:3      | Noticed a great orb of eyes
  2674 | D:3      | Found a runed translucent gate.
  2674 | D:3      | Found an opulent altar of Gozag.
  2675 | D:3      | Found a runed translucent gate.
  2675 | D:3      | Found a runed translucent gate.
  2676 | D:3      | Noticed a black bear
  2676 | D:3      | Noticed gelatine's ghost (weakling DsAM)
  2690 | D:3      | Killed a black bear
  2691 | D:3      | Reached skill level 4 in Axes
  2691 | D:3      | Reached XP level 6. HP: 49/53 MP: 6/8
  2702 | D:3      | Killed gelatine's ghost
  2927 | D:4      | Found a shimmering altar of Xom.
  2928 | D:4      | Noticed a black bear
  2962 | D:4      | Killed a black bear
  3100 | D:4      | Reached skill level 5 in Fighting
  3100 | D:4      | Reached XP level 7. HP: 61/61 MP: 9/9
  3273 | D:4      | Found a sand-covered staircase.
  3283 | Ossuary  | Entered an ossuary
  3335 | Ossuary  | Reached skill level 5 in Axes
  3401 | Ossuary  | Reached skill level 5 in Armour
  3446 | Ossuary  | Reached skill level 5 in Shields
  3467 | Ossuary  | Reached XP level 8. HP: 68/69 MP: 11/11
  3798 | D:5      | Entered Level 5 of the Dungeon
  3972 | D:5      | Reached skill level 5 in Invocations
  4017 | D:5      | Found a shimmering altar of Xom.
  4124 | D:5      | Noticed Grinder
  4136 | D:5      | Paralysed by Grinder for 3 turns
  4142 | D:5      | Killed Grinder
  4143 | D:5      | Reached skill level 6 in Axes
  4185 | D:5      | Became a worshipper of Beogh the Brigand
  4228 | D:5      | Noticed Pikel
  4242 | D:5      | Killed Pikel
  4243 | D:5      | Reached XP level 9. HP: 14/78 MP: 13/13
  4585 | D:5      | Found a shimmering blue altar of Sif Muna.
  4586 | D:5      | Found a stormy altar of Qazlal.
  4587 | D:5      | Found a blossoming altar of Fedhas.
  4587 | D:5      | Found a sacrificial altar of Ru.
  4618 | D:5      | Found a sparkling altar of Nemelex Xobeh.
  4620 | D:5      | Found a basalt altar of Yredelemnul.
  4837 | D:6      | Reached skill level 7 in Axes
  4944 | D:6      | Identified the +2 short sword of Stickiness {flame, rC+
                  | Int+5}
  5070 | D:6      | Found a glowing drain.
  5090 | Sewer    | Entered a sewer
  5102 | Sewer    | Reached * piety under Beogh
  5427 | Sewer    | Reached ** piety under Beogh
  5615 | D:6      | You are sucked into a shaft and drop 2 floors!
  5620 | D:8      | Noticed an orange crystal statue
  5621 | D:8      | Noticed a two-headed ogre
  5621 | D:8      | Noticed a two-headed ogre
  5875 | D:7      | Found a white marble altar of Elyvilon.
  5993 | D:6      | Found a snail-covered altar of Cheibriados.
  6270 | D:6      | Found a staircase to the Ecumenical Temple.
  6276 | Temple   | Entered the Ecumenical Temple
  6678 | D:7      | Reached skill level 8 in Axes
  6885 | D:7      | Found Tyciskost's Distillery.
  6890 | D:7      | Bought 2 potions of heal wounds for 120 gold pieces
  6890 | D:7      | Bought a potion of curing for 36 gold pieces
  6890 | D:7      | Bought a potion of heal wounds for 60 gold pieces
  6890 | D:7      | Bought a potion of curing for 36 gold pieces
  6890 | D:7      | Bought a potion of berserk rage for 60 gold pieces
  7077 | D:8      | Reached XP level 10. HP: 49/86 MP: 15/15
  7282 | D:8      | Reached skill level 9 in Axes
  7310 | D:8      | Reached skill level 10 in Axes
  7318 | D:8      | Found a staircase to the Lair.
  7585 | D:8      | Noticed an ice statue
  7627 | D:8      | Killed an ice statue
  7628 | D:8      | Reached skill level 11 in Axes
  7662 | D:8      | Noticed a two-headed ogre
  7682 | D:8      | HP: 4/86 [two-headed ogre/+0 giant spiked club[an orange
                  | crystal statue] (16)]
  7683 | D:8      | Slain by a two-headed ogre

Illustrated notes

Levels and vault maps discovered:
D:1:      eino_arrival_cavern_b, layout_basic
D:2:      layout_rooms, minmay_increasing_density
D:3:      layout_basic, hellmonk_ecumenical_altar_watching_god,
          ebering_ghost_gozag
D:4:      wad_woods_stonehenge, layout_cave_pools, serial_park,
          serial_park_avenue1, serial_park_tiny_pond,
          nicolae_ossuary_entry_monument
D:5:      layout_basic, grunt_temple_overflow_open, uniq_pikel, uniq_grinder
D:6:      nicolae_BIG_FREAKIN_CUBE, layout_loops_ring, chei_slow_surprise,
          minmay_temple_entry_enclosed_plants, portal_sewer_entry_b,
          due_unseen_surprise
D:7:      layout_loops_ring, lemuel_round_altar, serial_shops,
          kennysheep_little_box, chequers_serial_rivers_small_b
D:8:      minmay_separated_statues, layout_cave_pools, erik_lair_island,
          enter_bailey_5, grunt_decor_resistance
Temple:   hellmonk_temple_flake

Skill      XL: |  1  2  3  4  5  6  7  8  9 10 |
---------------+-------------------------------+-----
Invocations    | 1 2 3 4 6 7 |  7.1
Axes           | 3 4 5 6 8 11 | 11.0
Fighting       | 4 5 6 7 |  7.5
Throwing       | 1 2 4 |  4.8
Armour         | 4 5 6 |  6.8
Shields        | 4 5 6 |  6.8

Action                   |  1- 3 |  4- 6 |  7- 9 | 10-12 || total
-------------------------+-------+-------+-------+-------++-------
Melee: War axe           |    99 |   138 |   461 |   102 ||   800
Throw: Boomerang         |       |    15 |     2 |     7 ||    24
       Javelin           |       |       |     3 |       ||     3
       Dart              |       |       |     6 |     2 ||     8
Invok: Convert to Beogh  |       |       |     1 |       ||     1
Evoke: Wand              |       |       |     3 |     1 ||     4
  Use: Potion            |       |     1 |     4 |     3 ||     8
       Scroll            |       |     5 |    22 |       ||    27
Armor: Scale mail        |    21 |       |       |       ||    21
       Chain mail        |    17 |    96 |   257 |    54 ||   424
       Plate armour      |       |       |       |    20 ||    20
Dodge: Dodged            |    37 |    49 |   172 |    40 ||   298
       Repelled          |       |       |       |     1 ||     1
Block: Buckler           |    22 |    28 |    65 |       ||   115
       Kite shield       |       |       |   103 |    78 ||   181
